 Dungeon Crawl Stone Soup version 0.25-a0-503-ge281fa673e (webtiles) character file.

Game seed: 11076441561272100570, levelgen mode: deterministic

13309 Kohma the Basher (level 11, -3/99 HPs)
             Began as a Green Draconian Ice Elementalist on Feb 13, 2020.
             Was a High Priest of Dithmenos.
             Slain by a polar bear (20 damage)
             ... on level 1 of the Lair of Beasts.
             The game lasted 00:31:32 (12333 turns).

Kohma the Basher (DrIE)                            Turns: 12333, Time: 00:31:33

Health: -3/99      AC: 16    Str: 13    XL:     11   Next: 73%
Magic:  15/17      EV: 12    Int: 18    God:    Dithmenos [*****.]
Gold:   301        SH:  0    Dex: 12    Spells: 6/18 levels left

rFire    . . .     SeeInvis .   j - +11 mace "Nealinej" {vorpal, Str+2}
rCold    . . .     Gourm    .   (no shield)
rNeg     . . .     Faith    .   (armour unavailable)
rPois    +         Spirit   .   (helmet restricted)
rElec    .         Reflect  .   n - +2 cloak {MR+}
rCorr    .         Harm     .   a - +1 pair of gloves
MR       +....                  f - +0 pair of boots
Stlth    +++.......             g - amulet of magic regeneration
HPRegen  0.26/turn              D - +1 ring of protection
MPRegen  0.40/turn              r - +2 ring of protection

@: frozen ramparts, wreathed by umbra
A: breathe noxious fumes, unfitting armour, poison resistance, cold-blooded, AC
+7
a: Breathe Noxious Fumes, Shadow Step, Shadow Form, Renounce Religion


You were on level 1 of the Lair of Beasts.
You worshipped Dithmenos.
Dithmenos was extremely pleased with you.
You were very hungry.

You visited 3 branches of the dungeon, and saw 13 of its levels.
You also visited: Ossuary.

You collected 731 gold pieces.
You spent 430 gold pieces at shops.

Inventory:

Hand Weapons
 j - the +11 mace "Nealinej" (weapon) {vorpal, Str+2}
   (You found it on level 5 of the Dungeon)

   It inflicts extra damage upon your enemies.
   It affects your strength (+2).
 q - a +2 dagger of protection
Missiles
 k - 3 curare-tipped darts (quivered)
 A - a throwing net
Armour
 a - a +1 pair of gloves (worn)
 f - a +0 pair of boots (worn)
 n - a +2 cloak of magic resistance (worn)
 L - a +0 kite shield
Jewellery
 d - an uncursed ring of flight
 g - an amulet of magic regeneration (around neck)
 r - a +2 ring of protection (right hand)
 z - an uncursed amulet of regeneration
 D - a +1 ring of protection (left hand)
 F - an uncursed ring of ice
Wands
 w - a wand of paralysis (6)
 y - a wand of acid (9)
 C - a wand of random effects (14)
 G - a wand of digging (8)
 I - a wand of flame (16)
 M - a wand of disintegration (16)
Scrolls
 c - 5 scrolls of teleportation
 e - 3 scrolls of remove curse
 o - 2 scrolls of enchant armour
 s - 3 scrolls of magic mapping
 J - a scroll of amnesia
 K - 2 scrolls of identify
Potions
 h - 5 potions of haste
 i - 3 potions of resistance
 l - 2 potions of brilliance
 m - 4 potions of heal wounds
 p - 2 potions of lignification
 t - 2 potions of invisibility
 u - 3 potions of flight
 v - 6 potions of curing
 x - a potion of magic
 E - 2 potions of agility
 H - 2 potions of mutation
Comestibles
 b - 29 rations


   Skills:
 - Level 10.0 Fighting
 * Level 11.4 Maces & Flails
 - Level 1.7 Dodging
 - Level 1.7 Stealth
 + Level 1.6 Shields
 - Level 4.0 Spellcasting
 - Level 4.0 Conjurations
 - Level 4.0 Summonings
 - Level 8.0 Ice Magic
 + Level 7.3 Invocations


You had 6 spell levels left.
You knew the following spells:

 Your Spells              Type           Power        Failure   Level  Hunger
a - Freeze                Ice            ####         1%          1    None
b - Frozen Ramparts       Ice            ####..       1%          3    ###....
c - Hailstorm             Conj/Ice       ####....     12%         4    ####...
d - Summon Ice Beast      Ice/Summ       ####....     12%         4    ####...

Your spell library contained the following spells:

 Spells                   Type           Power        Failure   Level  Hunger
 Ozocubu's Armour         Chrm/Ice       ###.....     9%          3    ###....


Dungeon Overview and Level Annotations

Branches:
Dungeon (11/15)            Temple (1/1) D:6            Lair (1/6) D:10
    Orc (0/2) D:9         Ossuary (visited)

Altars:
Ashenzari
Cheibriados
Dithmenos
Elyvilon
Fedhas
Gozag
Hepliaklqana
Kikubaaqudgha
Makhleb
Nemelex Xobeh
Okawaru
Qazlal
Ru
Sif Muna
Trog
Uskayaw
Vehumet
Wu Jian
Xom
Yredelemnul
Zin
The Shining One

Shops:
D:5 *   D:7 [   D:8 ![=   D:10 %


Innate Abilities, Weirdness & Mutations

You can breathe blasts of noxious fumes.
Your lurid green scales are hard. (AC +7)
You cannot fit into any form of body armour.
Your system is resistant to poisons. (rPois)
You are cold-blooded and may be slowed by cold attacks.


Message History

The walls release a blast of icicles at the polar bear!
The polar bear partially resists.
The polar bear bites you!
* * * LOW HITPOINT WARNING * * *
The polar bear closely misses you.
The polar bear claws you but does no damage.
The walls release a blast of icicles at the polar bear!
The polar bear completely misses you. The polar bear claws you.
* * * LOW HITPOINT WARNING * * *
The polar bear claws you but does no damage.
You hit the polar bear.
The polar bear is almost dead.
The walls release a blast of icicles at the polar bear!
The polar bear barely misses you. The polar bear claws you.
* * * LOW HITPOINT WARNING * * *
The polar bear misses you.
You hit the polar bear but do no damage.
The polar bear is almost dead.
The walls release a blast of icicles at the polar bear!
The polar bear bites you!!
You die...

.#..#.............._P............
........#..........P.............
.................................
........#........................
.................P...P...........
........#............#...........
........P.....#######............
.............##/##$###...........
#.##.####....#..@h...#...........
.............##..##.[##..........
.............##..## #.(.........
......รท......##...## ...........
...........P..#....####..........
..............##..##P.##.........
.#.####...P....##.#....#.P.......
#######.......P##....###.........
#....##.......##...####..........


You could see a polar bear (berserk).

Vanquished Creatures
  Harold (D:10)
  Fannar (D:10)
  An ugly thing (D:11)
  Maurice (D:10)
  Maggie (D:6)
  A gargoyle (D:9)
  3 polar bears (Lair:1)
  Grinder (D:6)
  Prince Ribbit (D:7)
  3 hippogriffs
  3 yaks (Lair:1)
  A vampire (D:9)
  A human (D:7)
  4 hogs (D:7)
  Menkaure (D:5)
  3 water moccasins (Lair:1)
  3 orc warriors
  4 black bears
  A sky beast (D:7)
  3 ice beasts
  6 ogres
  3 centaurs
  6 crocodiles (Lair:1)
  An elf zombie (Ossuary)
  A big kobold (D:11)
  5 bullfrogs
  A gnoll sergeant (D:6)
  A scorpion (D:10)
  23 killer bees
  10 wights
  2 howler monkeys
  5 crimson imps
  4 centaur zombies (Ossuary)
  2 quasits
  A gnoll shaman (D:10)
  7 orc priests
  3 bullfrog zombies
  7 hounds
  3 bullfrog skeletons
  3 centaur skeletons
  5 jellies
  Jessica (D:3)
  12 worker ants
  An iguana (D:10)
  8 orc wizards
  A killer bee zombie (D:6)
  A big kobold zombie (Ossuary)
  An ogre zombie (Ossuary)
  2 hound zombies
  2 hound skeletons
  7 mummies (Ossuary)
  19 adders
  20 gnolls
  2 howler monkey skeletons
  3 shadow imps
  2 oozes
  4 adder zombies
  2 worms
  2 dart slugs
  6 leopard geckos
  33 orcs
  6 giant cockroaches
  4 goblins
  8 hobgoblins
  11 jackals
  14 kobolds
  8 quokkas
  2 ball pythons
  6 bats
  6 frilled lizards
  A giant cockroach zombie (D:5)
  5 goblin zombies (Ossuary)
  3 hobgoblin zombies (Ossuary)
  A jackal skeleton (D:8)
  3 kobold zombies (Ossuary)
  An orc zombie (Ossuary)
  A quokka skeleton (D:7)
  7 quokka zombies
  6 rats
  2 rat zombies (Ossuary)
361 creatures vanquished.

Vanquished Creatures (collateral kills)
  An oklob plant (Lair:1)
  2 wights (D:9)
3 creatures vanquished.

Grand Total: 364 creatures vanquished

Notes
Turn   | Place    | Note
-------+----------+-------------------------------------------
     0 | D:1      | Kohma the Draconian Ice Elementalist began the quest for
                  | the Orb.
     0 | D:1      | Reached XP level 1. HP: 14/14 MP: 3/3
   714 | D:1      | Reached XP level 2. HP: 20/20 MP: 3/5
  1091 | D:2      | Found a white marble altar of Elyvilon.
  1186 | D:2      | Found a basalt altar of Yredelemnul.
  1244 | D:2      | Found a faded altar of an unknown god.
  1354 | D:2      | Reached XP level 3. HP: 26/26 MP: 1/6
  1404 | D:2      | Learned a level 3 spell: Frozen Ramparts
  1743 | D:2      | Reached skill level 5 in Ice Magic
  2021 | D:3      | Reached XP level 4. HP: 32/33 MP: 4/8
  2464 | D:3      | Reached XP level 5. HP: 33/38 MP: 4/9
  2494 | D:3      | Noticed Jessica
  2499 | D:3      | Killed Jessica
  2870 | D:4      | Found a shimmering altar of Xom.
  2959 | D:4      | Reached XP level 6. HP: 31/45 MP: 8/11
  3277 | D:5      | Entered Level 5 of the Dungeon
  3280 | D:5      | Got an encrusted mace
  3284 | D:5      | Identified the +11 mace "Nealinej" {vorpal, Str+2} (You
                  | found it on level 5 of the Dungeon)
  3304 | D:5      | Reached skill level 1 in Fighting
  3315 | D:5      | Reached skill level 1 in Maces & Flails
  3315 | D:5      | Your scales start taking on a lurid green colour.
  3315 | D:5      | Reached XP level 7. HP: 52/52 MP: 10/13
  3315 | D:5      | Gained mutation: Your system is resistant to poisons.
                  | (rPois) [Green Draconian growth]
  3335 | D:5      | Found Wedweom's General Store.
  3353 | D:5      | Bought a +0 pair of boots for 45 gold pieces
  3353 | D:5      | Bought a +1 cloak of magic resistance for 165 gold pieces
  3473 | D:5      | Learned a level 4 spell: Hailstorm
  3478 | D:5      | Learned a level 4 spell: Summon Ice Beast
  3482 | D:5      | Noticed Menkaure
  3486 | D:5      | Killed Menkaure
  3486 | D:5      | Reached skill level 2 in Maces & Flails
  3498 | D:5      | Reached skill level 1 in Summonings
  3513 | D:5      | Found a hazy altar of Hepliaklqana.
  3513 | D:5      | Reached skill level 1 in Conjurations
  3962 | D:6      | Found a staircase to the Ecumenical Temple.
  3971 | Temple   | Entered the Ecumenical Temple
  4131 | Temple   | Became a worshipper of Dithmenos the Shadowed
  4149 | D:6      | Noticed Grinder
  4153 | D:6      | Reached XP level 8. HP: 34/62 MP: 8/14
  4153 | D:6      | Noticed Maggie
  4156 | D:6      | Found a sand-covered staircase.
  4162 | D:6      | Reached skill level 3 in Maces & Flails
  4167 | Ossuary  | Entered an ossuary
  4624 | Ossuary  | Reached * piety under Dithmenos
  4848 | D:6      | Killed Maggie
  4848 | D:6      | Reached skill level 5 in Fighting
  4848 | D:6      | Reached skill level 4 in Maces & Flails
  4849 | D:6      | Killed Grinder
  4849 | D:6      | Reached skill level 5 in Maces & Flails
  4849 | D:6      | Reached XP level 9. HP: 26/74 MP: 4/15
  5115 | D:6      | Reached ** piety under Dithmenos
  5441 | D:6      | Reached skill level 6 in Maces & Flails
  5790 | D:7      | Reached skill level 1 in Invocations
  5828 | D:7      | Found Coyjunt's Armour Shop.
  6081 | D:7      | Noticed Prince Ribbit
  6105 | D:7      | Killed Prince Ribbit
  6106 | D:7      | Reached skill level 7 in Maces & Flails
  6252 | D:7      | Found an ancient bone altar of Kikubaaqudgha.
  6252 | D:7      | Found a radiant altar of Vehumet.
  6328 | D:7      | Reached XP level 10. HP: 80/88 MP: 4/16
  6440 | D:7      | Reached skill level 8 in Maces & Flails
  6765 | D:8      | Found a blossoming altar of Fedhas.
  6811 | D:8      | Reached *** piety under Dithmenos
  6870 | D:8      | Found Ceytiqergh's Distillery.
  6887 | D:8      | Bought a potion of agility for 60 gold pieces
  6887 | D:8      | Bought a potion of heal wounds for 75 gold pieces
  6887 | D:8      | Bought a potion of flight for 45 gold pieces
  6958 | D:8      | Found Avek Cum's Jewellery Emporium.
  7267 | D:8      | Found Xifoecaa's Antique Armour Shop.
  7521 | D:8      | Bought a cursed -2 ring of intelligence for 20 gold pieces
  7521 | D:8      | Bought a cursed amulet of inaccuracy for 20 gold pieces
  7654 | D:9      | Noticed a gargoyle
  7660 | D:9      | Reached **** piety under Dithmenos
  7667 | D:9      | Killed a gargoyle
  7667 | D:9      | Reached skill level 9 in Maces & Flails
  7695 | D:9      | Found a sparkling altar of Nemelex Xobeh.
  7815 | D:9      | Found a staircase to the Orcish Mines.
  8080 | D:9      | Reached skill level 5 in Invocations
  8271 | D:10     | Entered Level 10 of the Dungeon
  8302 | D:10     | Noticed Harold
  8322 | D:10     | Killed Harold
  8327 | D:10     | Noticed Maurice
  8823 | D:10     | Reached XP level 11. HP: 78/97 MP: 14/17
  9142 | D:10     | Reached skill level 10 in Maces & Flails
  9379 | D:10     | Noticed Fannar
  9419 | D:10     | Killed Fannar
  9837 | D:10     | Reached ***** piety under Dithmenos
  9893 | D:10     | Found a staircase to the Lair.
  9966 | D:10     | Killed Maurice
 10399 | D:10     | Found Dofif's Food Shop.
 10746 | D:11     | Noticed a brown ugly thing
 11086 | D:11     | Killed a brown ugly thing
 11335 | D:11     | Noticed a white ugly thing
 11629 | Lair:1   | Entered Level 1 of the Lair of Beasts
 11772 | Lair:1   | Noticed an oklob plant
 11782 | Lair:1   | Reached skill level 11 in Maces & Flails
 11849 | Lair:1   | Killed an oklob plant
 11851 | Lair:1   | Found a glowing silver altar of Zin.
 12284 | Lair:1   | Reached skill level 10 in Fighting
 12294 | Lair:1   | Reached skill level 1 in Shields
 12333 | Lair:1   | Slain by a polar bear

Levels and vault maps discovered:
D:1:      dpeg_arrival_pits, layout_basic
D:2:      layout_basic, kennysheep_ying_yang, chequers_ecumenical_altar_twisty,
          first_ration
D:3:      layout_rooms, kennysheep_jessica_study
D:4:      layout_basic, overflow_temple_1_default, kennysheep_crisscross
D:5:      layout_loops_ring, kennysheep_mini_moat, serial_shops, shop,
          sigmund_army, uniq_menkaure
D:6:      layout_cave_pools, minmay_temple_entry_tees, enter_ossuary_3,
          uniq_grinder, uniq_maggie
D:7:      layout_basic, gammafunk_temple_overflow_elements, serial_shops, shop,
          grunt_livestock, uniq_prince_ribbit1
D:8:      layout_cave_pods, fedhas_altar_1, serial_shops, shop,
          nicolae_shop_stone, nicolae_shop_stone
D:9:      layout_roguey, nemelex_xobeh_ov_fountains_minmay, orc_0_dummy,
          minmay_misc_feat_iff
D:10:     layout_irregular_city, lair_entry_dummy, serial_shops, shop,
          uniq_maurice, uniq_harold, uniq_fannar
D:11:     layout_gridville
Temple:   zaba_magenta_temple
Lair:1:   beast_lair_carwin_large_2, layout_regular_city, lemuel_oklob_altar

Skill      XL: |  1  2  3  4  5  6  7  8  9 10 11 |
---------------+----------------------------------+-----
Ice Magic      | 5 6 7 8 |  8.0
Spellcasting   | 3 4 |  4.0
Fighting       | 1 2 5 7 9 10 | 10.0
Maces & Flails | 1 2 5 7 9 11 | 11.4
Summonings     | 1 3 4 |  4.0
Conjurations   | 1 3 4 |  4.0
Invocations    | 3 5 7 |  7.3
Shields        | 1 |  1.6
Dodging        | |  1.7
Stealth        | |  1.7

Action                   |  1- 3 |  4- 6 |  7- 9 | 10-12 || total
-------------------------+-------+-------+-------+-------++-------
Melee: Club              |     6 |       |       |       ||     6
       Tailslap          |     3 |     3 |    19 |    27 ||    52
       Unarmed           |     1 |       |       |       ||     1
       Dagger            |     9 |    38 |       |       ||    47
       Mace              |       |     4 |   168 |   305 ||   477
 Cast: Freeze            |    43 |    24 |     6 |    18 ||    91
       Frozen Ramparts   |     3 |    16 |    28 |    42 ||    89
       Hailstorm         |       |       |    11 |     6 ||    17
       Summon Ice Beast  |       |       |       |     3 ||     3
  Use: Scroll            |       |    11 |     8 |     9 ||    28
 Stab: Sleeping          |       |       |    13 |     7 ||    20
  Eat: Chunk             |     4 |     5 |    11 |    13 ||    33
       Ration            |       |       |     1 |     3 ||     4
Armor: Skin              |    30 |    29 |    70 |   174 ||   303
Dodge: Dodged            |    52 |    54 |   123 |   257 ||   486

Table legend:
 A = Non-vault XP
 B = Vault XP
 C = Vault XP percentage of total XP
 D = Non-vault monster count
 E = Vault monster count
 F = Vault count percentage of total count
                 A         B        C        D         E       F
            +---------+---------+-------+---------+---------+-------
      Total |   12495 |    6518 |  34.3 |     304 |      60 |  16.5
            +---------+---------+-------+---------+---------+-------
        D:1 |      22 |       0 |   0.0 |      13 |       0 |   0.0
        D:2 |      70 |       0 |   0.0 |      22 |       0 |   0.0
        D:3 |     104 |      39 |  27.3 |      21 |       2 |   8.7
        D:4 |     342 |       0 |   0.0 |      19 |       0 |   0.0
        D:5 |     671 |     173 |  20.5 |      25 |       3 |  10.7
        D:6 |    1272 |     692 |  35.2 |      37 |       2 |   5.1
        D:7 |     983 |    1264 |  56.3 |      18 |       6 |  25.0
        D:8 |    1382 |       0 |   0.0 |      34 |       0 |   0.0
        D:9 |    2062 |       0 |   0.0 |      35 |       0 |   0.0
       D:10 |    2664 |    2362 |  47.0 |      41 |       3 |   6.8
       D:11 |     886 |       0 |   0.0 |      25 |       0 |   0.0
     Lair:1 |    2037 |    1493 |  42.3 |      14 |       7 |  33.3
    Ossuary |       0 |     495 | 100.0 |       0 |      37 | 100.0
            +---------+---------+-------+---------+---------+-------
